 Dungeon Crawl Stone Soup version 0.31-a0-214-gb37851dbb3 (webtiles) character file.

Game seed: 8280637740823839427

131 qw the Shooter (level 5, 0/30 HPs)
             Began as a Gargoyle Hexslinger on July 1, 2023.
             Slain by a gnoll
             ... wielding a +0 club
              (7 damage)
             ... on level 3 of the Dungeon.
             The game lasted 00:00:57 (2492 turns).

qw the Shooter (Gargoyle Hexslinger)                Turns: 2492, Time: 00:00:57

Health: 0/30       AC:  9    Str: 12    XL:     5   Next: 14%
Magic:  6/6        EV: 10    Int: 13    God:
Gold:   159        SH:  0    Dex: 14    Spells: 5/6 levels left

rFire   . . .        Y - +1 sling
rCold   . . .        (no shield)
rNeg    + . .        d - +0 ring mail
rPois   inf          (no helmet)
rElec   +            (no cloak)
rCorr   .            (no gloves)
SInv    .            (no boots)
Will    .....        (no amulet)
Stlth   +            (no ring)
HPRegen 0.25/turn    (no ring)
MPRegen 0.10/turn

%: no passive effects
@: no status effects
A: sickness immunity, AC +4, negative energy resistance 1, electricity
resistance, torment resistance 1, petrification resistance
a: no special abilities


You were on level 3 of the Dungeon.
You visited 1 branch of the dungeon, and saw 3 of its levels.

You collected 159 gold pieces.


Innate Abilities, Weirdness & Mutations

You are immune to sickness and miasma.
Your stone body is resilient. (AC +4)
You are immune to poison.
You resist negative energy. (rN+)
You are resistant to electric shocks. (rElec)
You are resistant to unholy torment.
You are immune to petrification.


   Skills:
 - Level 2.0 Fighting
 + Level 4.7 Ranged Weapons
 - Level 1.0 Armour
 - Level 1.5 Dodging
 - Level 1.0 Spellcasting
 - Level 2.6 Hexes


You had 5 spell levels left.
You knew the following spells:

 Your Spells              Type           Power      Damage    Failure   Level
a - Slow                  Hex            28%        N/A       22%         1

Your spell library contained the following spells:

 Spells                   Type           Power      Damage    Failure   Level
 Inner Flame              Hex/Fire       4%         N/A       73%         3
 Portal Projectile        Hex/Tloc       8%         N/A       73%         3
 Cause Fear               Hex            3%         N/A       91%         4

Inventory:

Hand Weapons
 Y - a +1 sling (weapon)
Armour
 d - a +0 ring mail (worn)
 h - a +0 pair of boots
Jewellery
 a - a +4 ring of protection
Potions
 b - 2 potions of attraction {unknown}
 c - a potion of brilliance {unknown}
 e - a potion of curing
 f - a potion of magic {unknown}
 g - a potion of enlightenment {unknown}

Dungeon Overview and Level Annotations

Branches:
Dungeon (3/15)

Altars:


Message History

You shoot a sling bullet. The sling bullet barely misses the rat.
You shoot a sling bullet. The sling bullet barely misses the rat.
You shoot a sling bullet. The sling bullet hits the rat.
You kill the rat!
You see here a +0 whip.
A kobold comes into view. It is wielding a +0 club.
Enter note:
Enter note:
Enter note: You shoot a sling bullet.
The sling bullet hits the kobold.
You kill the kobold!
Things that are here:
a +0 club; a kobold corpse You open the door. 3 gnolls come into view.
The gnoll shouts! x2
A gnoll comes into view. It is wielding a +0 club.
Enter note:
Enter note:
Enter note: You shoot a sling bullet.
The sling bullet hits the gnoll.
The gnoll is moderately wounded.
You shoot a sling bullet.
The sling bullet closely misses the gnoll.
The sling bullet hits the gnoll.
The gnoll is moderately wounded.
The gnoll hits you from afar with a +0 halberd.
The gnoll hits you with a +0 flail.
You shoot a sling bullet.
The sling bullet barely misses the gnoll.
The gnoll barely misses you. The gnoll hits you but does no damage.
You shoot a sling bullet. The sling bullet hits the gnoll.
The gnoll is severely wounded.
The gnoll hits you from afar with a +0 halberd!
The gnoll barely misses you.
You shoot a sling bullet. The sling bullet hits the gnoll.
The gnoll is severely wounded.
The gnoll hits you from afar with a +0 halberd.
The gnoll hits you with a +0 club!
You die... .#####.# .# ......# .# #.....# .# ......# +# . #..... .. .. #.... ... #.. gg.

.# ... ....####g#
.## ..#
#.........g@#
.... ..#
..........)#
..... ..#
..........##.....
..#
#...#####........
..#
#...#####..##....
..# #...+......#
.. ..#
#...##...###
..##...#......###
####...#....###


You could see 4 gnolls.

Vanquished Creatures
  2 gnolls (D:3)
  4 adders
  5 worms
  4 bats (D:1)
  7 endoplasms
  A giant cockroach (D:2)
  7 goblins
  2 hobgoblins (D:1)
  8 jackals
  2 quokkas (D:2)
  6 ball pythons
  6 frilled lizards
  6 kobolds
  3 rats
63 creatures vanquished.

Notes
Turn   | Place    | Note
-------+----------+-------------------------------------------
     0 | D:1      | qw the Gargoyle Hexslinger began the quest for the Orb.
     0 | D:1      | Reached XP level 1. HP: 12/12 MP: 2/2
     0 | D:1      | 0 ||| qw: Version: 0.3-a-32-g5962c71
     0 | D:1      | 0 ||| qw: Game counter: 7692
     0 | D:1      | 0 ||| qw: Melee chars always use a shield: true
     0 | D:1      | 0 ||| qw: God list: Okawaru
     0 | D:1      | 0 ||| qw: Allow faded altars: false
     0 | D:1      | 0 ||| qw: Do Orc after clearing Dungeon:15 true
     0 | D:1      | 0 ||| qw: Do second Lair branch before Depths: true
     0 | D:1      | 0 ||| qw: Lair rune preference: random
     0 | D:1      | 0 ||| qw: Goals: Normal
     0 | D:1      | 0 ||| PLANNING D:1-11
    64 | D:1      | Reached XP level 2. HP: 15/16 MP: 3/3
   366 | D:1      | Reached skill level 3 in Ranged Weapons
   772 | D:1      | Reached XP level 3. HP: 21/21 MP: 4/4
   949 | D:1      | 949 ||| UPGRADING to +0 ring mail.
   959 | D:1      | 959 ||| DROPPING +0 robe.
   960 | D:1      | 960 ||| DRINKING 2 sapphire potions.
   961 | D:1      | 961 ||| DROPPING scroll of poison.
  1169 | D:2      | HP: 1/21 [worm (5)]
  1603 | D:2      | HP: 2/21 [frozen (5)]
  1733 | D:2      | Reached XP level 4. HP: 24/26 MP: 5/5
  1749 | D:2      | Reached skill level 4 in Ranged Weapons
  2025 | D:2      | 2025 ||| READING scroll labelled OXIDAJUTAOM.
  2026 | D:2      | 2026 ||| READING scroll labelled KEADEPNYLU.
  2027 | D:2      | 2027 ||| READING scroll labelled XEIW AGYS IMU.
  2072 | D:3      | Reached skill level 1 in Armour
  2342 | D:3      | Reached XP level 5. HP: 12/30 MP: 6/6
  2492 | D:3      | HP: 7/30 [gnoll/+0 halberd (4)]
  2492 | D:3      | Slain by a gnoll

Levels and vault maps discovered:
D:1:      shiori_arrival_oz, layout_basic
D:2:      layout_basic, chequers_serial_rivers_marsh,
          chequers_serial_rivers_room_b, chequers_mini_garden,
          nicolae_half_adder
D:3:      layout_basic

Skill      XL: |  1  2  3  4 |
---------------+-------------+-----
Ranged Weapons | 3 4 |  4.7
Fighting       | 2 |  2.0
Armour         | 1 |  1.0
Dodging        | |  1.5
Spellcasting   | |  1.0
Hexes          | |  2.6

Action                     |  1- 3 |  4- 6 || total
---------------------------+-------+-------++-------
   Fire: Sling             |   157 |    87 ||   244
    Use: Potion            |     1 |       ||     1
         Scroll            |       |     3 ||     3
 Armour: Robe              |     8 |       ||     8
         Ring mail         |    19 |    23 ||    42
  Dodge: Dodged            |    44 |    43 ||    87

Table legend:
 A = Non-vault XP
 B = Vault XP
 C = Vault XP percentage of total XP
 D = Non-vault monster count
 E = Vault monster count
 F = Vault count percentage of total count
                 A         B        C        D         E       F
            +---------+---------+-------+---------+---------+-------
      Total |     158 |      30 |  16.0 |      59 |       4 |   6.3
            +---------+---------+-------+---------+---------+-------
        D:1 |      33 |       4 |  10.8 |      21 |       2 |   8.7
        D:2 |      47 |      26 |  35.6 |      21 |       2 |   8.7
        D:3 |      78 |       0 |   0.0 |      17 |       0 |   0.0
            +---------+---------+-------+---------+---------+-------
